Unix NetHack Version 3.7.0-88 Work-in-progress - last build Aug 6 2023 13:40:22 (5c9c4c7fffe0d5f0a8b1342c2a36a56ed743986a,branch:master). Game began 2023-08-19 06:44:17, ended 2023-08-19 06:51:34. puncake, chaotic male orcish Rogue ---------- ------ |........| ------------- |+...| |........| |...._......| #.....| |........| |...........| #|.^Z.| |........| #-...........| #|....- |....<...| #|...........| #------ |.........# #--|--------#- ### -----|----# # # # #### ## # ### # ## # # ##########@B# # #### ## ### ---------.--# ##### #------ # |.........).# #### #|....|## |.......>..| ---|------------ #-....|# |..........| |...........`..| |....|# |..........| |..............| #.....-# ------------ |..............-#####------ ---------------- Puncake the Cutpurse St:13 Dx:18 Co:16 In:11 Wi:10 Ch:7 Chaotic S:360 Dlvl:3 $:52 HP:0(28) Pw:8(8) AC:6 Xp:3/52 T:1518 Latest messages: You have a little trouble lifting A - a jackal corpse. Your movements are slowed slightly because of your load. Where do you want to travel to? (For instructions type a '?') You kill the gecko! You have a little trouble lifting B - a melon. You see here a gecko corpse. You have a little trouble lifting C - a gecko corpse. Where do you want to travel to? (For instructions type a '?') You hear someone cursing shoplifters. What do you want to sacrifice? Your sacrifice is consumed in a burst of flame! Your movements are now unencumbered. What do you want to sacrifice? Your sacrifice is consumed in a burst of flame! You swap places with Bingus. The newt bites! You hit the newt. The newt bites! You kill the newt! There is a doorway here. You see here a newt corpse. The giant bat bites! The giant bat bites! You miss the giant bat. The giant bat bites! The giant bat bites! In what direction? The orcish dagger hits the giant bat. The giant bat bites! The giant bat misses! In what direction? You throw 2 orcish daggers. The 1st orcish dagger hits the giant bat. The 2nd orcish dagger hits the giant bat. The giant bat bites! The giant bat just misses! You swap places with Bingus. Bingus eats a newt corpse. Bingus misses it. Bingus misses the giant bat. Bingus misses the giant bat. The giant bat bites! It misses the giant bat. In what direction? The orcish dagger hits the giant bat. The giant bat bites! You die... Do you want to see the dungeon overview? q Inventory: Coins $ - 52 gold pieces Weapons l - 8 uncursed +0 arrows b - an uncursed +0 orcish dagger (weapon in hand) i - 4 uncursed +0 orcish daggers (at the ready) w - the uncursed +0 Sting a - a blessed +0 orcish short sword (alternate weapon; not wielded) Armor m - an uncursed +0 dented pot (being worn) c - an uncursed +1 leather armor (being worn) Comestibles h - 2 uncursed cums g - 2 uncursed food rations n - an uncursed partly eaten food ration B - an uncursed melon Scrolls t - an uncursed scroll of enchant armor p - an uncursed scroll of identify j - a blessed scroll of remove curse r - an uncursed scroll of teleportation Potions v - an uncursed potion of acid s - an uncursed potion of extra healing z - an uncursed potion of fruit juice d - an uncursed potion of sickness q - an uncursed potion of speed Tools f - an empty uncursed sack e - an uncursed lock pick Puncake the Rogue's attributes: Background: You were a Cutpurse, a level 3 male orcish Rogue. You were chaotic, on a mission for Kos who was opposed by Issek (lawful) and Mog (neutral). You were in the Dungeons of Doom, on level 3. You entered the dungeon 1518 turns ago. You had 52 experience points, 28 more were needed to attain level 4. Your score was 360 before end-of-game adjustments. Basics: You had 0 out of 28 hit points. You had all 8 energy points (spell power). Your armor class was 6. Your wallet contained 52 zorkmids. Autopickup was on for '%$?!/="+' plus thrown, with exceptions. Final Characteristics: Your strength was 13 (limit:18/50). Your dexterity was 18 (limit:18). Your constitution was 16 (limit:18). Your intelligence was 11 (limit:16). Your wisdom was 10 (limit:16). Your charisma was 7 (limit:16). Final Status: You were not hungry. You were unencumbered. You were wielding a dagger. You had basic skill with dagger. Final Attributes: You were devoutly aligned. You were poison resistant. You had infravision. You were stealthy. You were warded. You are dead. Miscellaneous: You never encountered a bones level. Total elapsed playing time was 7 minutes and 17 seconds. Major events: Turn 1: puncake the chaotic male orcish Rogue entered the dungeon 1255: attained the rank of Cutpurse (level 3) 1324: became literate by naming Sting 1518: killed by a giant bat Vanquished creatures: an acid blob a hobbit a large kobold 2 giant rats 3 geckos 10 jackals 2 foxes a kobold 2 sewer rats 6 grid bugs 2 lichens 4 newts 35 creatures vanquished. No species were genocided or became extinct. Voluntary challenges: You read items or engraved 1 time. You never engraved Elbereth. You never genocided any monsters. You never polymorphed an object. You never changed form. You used no wishes. Achievement: You attained the rank of Cutpurse. The Dungeons of Doom: levels 1 to 3 Level 1: A grave. Level 2: An altar. Level 3: <- You were here. An altar to Kos. Final resting place for you, killed by a giant bat. Game over: ---------- / \ / REST \ / IN \ / PEACE \ / \ | puncake | | 52 Au | | killed by a | | giant bat | | | | | | 2023 | *| * * * | * _________)/\\_//(\/(/\)/\//\/|_)_______ Goodbye puncake the Rogue... You died in The Dungeons of Doom on dungeon level 3 with 355 points, and 52 pieces of gold, after 1518 moves. You were level 3 with a maximum of 28 hit points when you died.